 Dungeon Crawl Stone Soup version 0.22-a0-197-g4ac3794 (webtiles) character file.

22752 mortelune the Frost Mage (level 12, -7/83 HPs)
             Began as a Demonspawn Ice Elementalist on Feb 17, 2018.
             Was an Elder of Ashenzari.
             Mangled by a swamp worm (11 damage)
             ... on level 2 of the Lair of Beasts.
             The game lasted 01:14:04 (26676 turns).

mortelune the Frost Mage (DsIE)                    Turns: 26676, Time: 01:14:05

Health: -7/83      AC:  8    Str:  8    XL:     12   Next: 65%
Magic:  16/34      EV: 14    Int: 29    God:    Ashenzari [****..]
Gold:   120        SH:  5    Dex: 14    Spells: 11/29 levels left

rFire    + + .     SeeInvis +   K - +9 morningstar of Logatt {crush, Int+4} (curse)
rCold    + + .     Gourm    .   z - +0 buckler (curse)
rNeg     + . .     Faith    .   g - +2 troll leather armour (curse)
rPois    +         Spirit   .   T - -2 hat of the Alchemist {rElec rPois rF+ rC+ rN+ MR+ rMut rCorr} (curse)
rElec    +         Reflect  .   s - scarf {rC+ rF+} (curse)
rCorr    +         Harm     .   w - +3 pair of gauntlets of War {Slay+5} (curse)
rMut     +         Clarity  +   (no boots)
MR       +....                  (no amulet)
Stlth    +.........             L - ring of magical power (curse)
HPRegen  0.63/turn              u - +3 ring of intelligence (curse)
MPRegen  0.24/turn

@: very slow
A: claws 1, horns 2, talons 2, demonic guardian 2, powered by death 1
a: Curse Item, Scrying, Renounce Religion


You were on level 2 of the Lair of Beasts.
You worshipped Ashenzari.
Ashenzari was greatly pleased with you.
You were not hungry.

You visited 2 branches of the dungeon, and saw 13 of its levels.
You also visited: Ossuary, Bailey and Ice Cave.

You collected 834 gold pieces.
You spent 714 gold pieces at shops.

Inventory:

Hand Weapons
 K - the cursed +9 morningstar of Logatt (weapon) {crush, Int+4}
   (You took it off a wight on level 7 of the Dungeon)

   It inflicts extra damage upon your enemies.
   It affects your intelligence (+4).
   It has a curse placed upon it.
Missiles
 N - 70 tomahawks of returning (quivered)
Armour
 a - a +1 robe
 g - a cursed +2 troll leather armour (worn)
 s - a cursed scarf of resistance (worn)
 w - the cursed +3 pair of gauntlets of War (worn) {Slay+5}
   (You acquired it in an ice cave)

   It affects your accuracy and damage with ranged weapons and melee attacks
   (+5).
   It has a curse placed upon it.
 z - a cursed +0 buckler (worn)
 T - the cursed -2 hat of the Alchemist (worn) {rElec rPois rF+ rC+ rN+ MR+ rMut rCorr}
   (You found it in an ice cave)

   It protects you from fire.
   It protects you from cold.
   It insulates you from electricity.
   It protects you from poison.
   It protects you from negative energy.
   It affects your resistance to hostile enchantments.
   It protects you from acid and corrosion.
   It protects you from mutation.
   It has a curse placed upon it.
Jewellery
 h - a +6 ring of strength
 k - an uncursed ring of protection from magic
 u - a cursed +3 ring of intelligence (right hand)
 y - an uncursed ring of stealth
 E - an uncursed ring of positive energy
 F - an uncursed ring of poison resistance
 L - a cursed ring of magical power (left hand)
 U - an uncursed ring of stealth
 Y - an uncursed ring of protection from cold
Wands
 R - a wand of iceblast (12)
 S - a wand of acid (4)
 W - a wand of flame (43)
Scrolls
 f - a scroll of magic mapping
 j - 3 scrolls of enchant weapon
 o - 2 scrolls of enchant armour
 v - 4 scrolls of amnesia
 x - a scroll of fog {unknown}
 B - 2 scrolls of fear
 D - 4 scrolls of remove curse
 Q - 4 scrolls of identify
 X - 2 scrolls of teleportation
Potions
 d - 10 potions of curing
 e - a potion of brilliance
 i - 3 potions of flight
 l - 3 potions of magic
 m - a potion of degeneration {unknown}
 n - 6 potions of heal wounds
 p - 3 potions of haste
 q - 3 potions of agility
 r - a potion of invisibility
 A - 6 potions of mutation
 C - a potion of resistance
 G - a potion of ambrosia
 H - 2 potions of lignification
 J - a potion of might
 O - a potion of berserk rage
Books
 b - a book of Frost

   Spells                             Type                      Level
   a - Freeze                         Ice                          1
   b - Throw Frost                    Conjuration/Ice              2
   c - Ozocubu's Armour               Charms/Ice                   3
   d - Throw Icicle                   Conjuration/Ice              4
   e - Summon Ice Beast               Ice/Summoning                4
 t - a book of Power

   Spells                             Type                      Level
   a - Iskenderun's Battlesphere      Conjuration/Charms           5
   b - Venom Bolt                     Conjuration/Poison           5
   c - Bolt of Magma                  Conjuration/Fire/Earth       5
   d - Iron Shot                      Conjuration/Earth            6
   e - Orb of Destruction             Conjuration                  7
   f - Spellforged Servitor           Conjuration/Summoning        7
 M - a book of Callings

   Spells                             Type                      Level
   a - Summon Small Mammal            Summoning                    1
   b - Call Imp                       Summoning                    2
   c - Call Canine Familiar           Summoning                    3
   d - Summon Guardian Golem          Hexes/Summoning              3
   e - Summon Lightning Spire         Summoning/Air                4
   f - Summon Ice Beast               Ice/Summoning                4
Comestibles
 c - 28 rations


   Skills:
 + Level 4.2 Fighting
 + Level 1.5 Armour
 + Level 3.5(5.6) Dodging
 - Level 1.7(3.4) Stealth
 - Level 2.4(4.3) Shields
 + Level 9.1 Spellcasting
 + Level 9.6(11.7) Conjurations
 - Level 7.6(10.0) Summonings
 - Level 11.8(13.8) Ice Magic
 - Level 3.6(5.7) Air Magic


You had 11 spell levels left.
You knew the following spells:

 Your Spells              Type           Power        Failure   Level  Hunger
a - Freeze                Ice            ####         1%          1    None
b - Throw Frost           Conj/Ice       ######       1%          2    None
c - Ozocubu's Armour      Chrm/Ice       ######..     1%          3    None
d - Throw Icicle          Conj/Ice       ######..     1%          4    None
e - Summon Ice Beast      Ice/Summ       ######..     1%          4    None
q - Summon Lightning Spi  Summ/Air       ######..     2%          4    None


Dungeon Overview and Level Annotations

Branches:
Dungeon (11/15)            Temple (0/1) D:6            Lair (2/6) D:10
 Spider (0/4) Lair:2          Orc (0/2) D:9
  Swamp: Lair:2-4    Shoals: Lair:2-4

Altars:
Ashenzari
Cheibriados
Dithmenos
Fedhas
Kikubaaqudgha
Nemelex Xobeh
Qazlal
Ru
Sif Muna
Uskayaw
Wu Jian
Xom
Yredelemnul
Zin
The Shining One

Shops:
D:4 [   D:5 (   D:9 (


Innate Abilities, Weirdness & Mutations

You have sharp fingernails.
You have a pair of horns on your head.
You have razor-sharp toenails.
A demonic guardian rushes to your aid.
You regenerate a little health from kills.


Message History

A swamp worm bursts forth from the water.
The swamp worm barely misses you. The swamp worm closely misses you.
The swamp worm bites you.
A swamp worm bursts forth from the water.
The swamp worm misses you. The swamp worm bites you. The swamp worm misses you.
A swamp worm bursts forth from the water.
The swamp worm misses you.
A swamp worm bursts forth from the water.
The swamp worm bites you. x2; The swamp worm bites you!
The swamp worm closely misses you. The swamp worm bites you!
* * * LOW HITPOINT WARNING * * *
You miss the swamp worm. You claw the swamp worm.
The swamp worm is lightly wounded.
The swamp worm bites you!
* * * LOW HITPOINT WARNING * * *
You block the swamp worm's attack. The swamp worm bites you!
* * * LOW HITPOINT WARNING * * *
The swamp worm closely misses you. x2; The swamp worm bites you!
You die...

,.....###....##### *
*, ,
......###..#.<#.#
.....†.######..#.
.......######....
≈≈≈≈≈...##.###... , ≈
≈≈≈≈≈†≈≈.†.######.
#######≈≈≈.....##.#
##≈≈w3≈#P≈≈8........
{#?w@≈≈†≈≈≈≈.........
##ww≈≈≈#P≈≈.........
*
≈#######≈≈≈#........
* w≈≈≈≈≈#≈........
≈≈≈≈≈≈##≈#........ *
...## ###..#..... **
P.. , #P.##.... #.,
####*#### * ,, , ** *


You could see 4 swamp worms and a friendly soul eater.

Vanquished Creatures
  An unseen horror (D:7)
  A flayed ghost (D:9)
  A necromancer (IceCv)
  An oklob plant (D:10)
  Maurice (D:9)
  3 ice statues (IceCv)
  3 spiny frogs (Lair:1)
  A komodo dragon (Lair:2)
  A queen bee (D:10)
  An ice devil (IceCv)
  8 blink frogs
  A hornet (D:11)
  2 hippogriffs (Lair:1)
  3 shadows
  3 wraiths
  6 yaks
  A human (D:7)
  A fire bat (D:9)
  3 hungry ghosts
  3 water moccasins
  5 porcupines
  An eye of draining (D:9)
  3 orc warriors
  3 black bears
  2 ice beasts
  A sky beast (D:10)
  2 necrophages (D:7)
  An ogre (D:10)
  2 wolves (Lair:1)
  7 centaurs
  A crocodile (Lair:1)
  Blork the orc (D:5)
  9 bullfrogs
  6 scorpions
  A water moccasin skeleton (D:7)
  The ghost of NeonDemon the Grasshopper, a weakling GnWr (D:3)
  13 killer bees (D:10)
  2 wights (D:7)
  6 howler monkeys
  6 crimson imps
  3 bullfrog zombies
  A centaur zombie (D:6)
  A quasit (D:10)
  2 draconian simulacra (IceCv)
  7 hounds
  3 human zombies (D:7)
  4 jellies
  5 orc priests
  2 bullfrog skeletons (D:8)
  10 orc wizards
  2 centaur skeletons
  An iguana (D:9)
  Natasha (twice) (D:4)
  A spriggan simulacrum (IceCv)
  2 troll simulacra (IceCv)
  8 worker ants
  2 big kobold zombies (Ossuary)
  A hound zombie (D:11)
  3 hound skeletons
  5 mummies
  A howler monkey zombie (D:5)
  12 gnolls (Bailey)
  3 worker ant zombies
  12 adders
  2 naga simulacra (IceCv)
  2 ogre simulacra (IceCv)
  3 shadow imps
  3 oozes (D:2)
  7 adder zombies (Ossuary)
  2 adder skeletons
  7 worms
  5 dart slugs
  3 leopard geckos
  35 orcs
  14 bats
  6 giant cockroaches
  13 goblins
  16 hobgoblins
  16 jackals
  5 quokkas
  9 frilled lizards
  3 gnoll zombies (Ossuary)
  5 hobgoblin zombies (Ossuary)
  A jackal zombie (D:3)
  10 kobolds
  7 kobold zombies (Ossuary)
  A leopard gecko skeleton (D:4)
  2 orc zombies (Ossuary)
  11 rats
  A plant (D:10)
400 creatures vanquished.

Vanquished Creatures (collateral kills)
  A hydra (Lair:1)
  2 two-headed ogres (D:9)
  The ghost of Lapis the Covert, a novice OpAs of Cheibriados (D:9)
  An oklob plant (Lair:1)
  A cyclops (D:11)
  A spiny frog (Lair:1)
  8 ice devils (IceCv)
  2 trolls
  A hippogriff (D:7)
  6 blink frogs (Lair:1)
  2 wraiths
  A shadow (D:9)
  4 hogs (D:7)
  10 yaks
  Menkaure (D:4)
  A swamp worm (Lair:2)
  2 water moccasins
  2 porcupines
  A sky beast (D:10)
  A phantom (D:7)
  An ogre (D:7)
  3 wolves (Lair:1)
  A bullfrog (Lair:2)
  A wyvern skeleton (D:8)
  6 killer bees (D:10)
  3 wights (D:7)
  A centaur zombie (D:10)
  A jelly (D:7)
  2 worker ants (D:7)
  A troll simulacrum (IceCv)
  A big kobold zombie (Ossuary)
  A gnoll (Bailey)
  9 worms (Lair:2)
  4 orcs
  A bat (D:9)
  5 hobgoblins (Bailey)
  3 kobolds (Bailey)
  A quokka (D:7)
  A plant (Lair:2)
95 creatures vanquished.

Vanquished Creatures (others)
  A plant (Lair:2)
1 creature vanquished.

Grand Total: 496 creatures vanquished

Notes
Turn   | Place    | Note
-------+----------+-------------------------------------------
     0 | D:1      | mortelune the Demonspawn Ice Elementalist began the quest for the Orb.
     0 | D:1      | Reached XP level 1. HP: 13/13 MP: 3/3
   220 | D:1      | Reached skill level 3 in Ice Magic
   234 | D:1      | Gained mutation: You regenerate a little health from kills. [demonic ancestry]
   234 | D:1      | Reached XP level 2. HP: 18/19 MP: 0/5
   724 | D:1      | Learned a level 2 spell: Throw Frost
  1565 | D:1      | Gained mutation: You have sharp toenails. [demonic ancestry]
  1565 | D:1      | Reached XP level 3. HP: 24/24 MP: 1/6
  2362 | D:2      | Reached XP level 4. HP: 30/30 MP: 0/8
  2880 | D:2      | Reached skill level 4 in Ice Magic
  2944 | D:2      | Gained mutation: You have razor-sharp toenails. [demonic ancestry]
  2944 | D:2      | Reached XP level 5. HP: 35/35 MP: 0/9
  3104 | D:2      | Found a shadowy altar of Dithmenos.
  3233 | D:2      | Found a glowing silver altar of Zin.
  3309 | D:2      | Found a glowing golden altar of the Shining One.
  3467 | D:3      | Learned a level 3 spell: Ozocubu's Armour
  3472 | D:3      | Learned a level 4 spell: Throw Icicle
  4178 | D:3      | Noticed NeonDemon's ghost (weakling GnWr)
  4478 | D:4      | Gained mutation: A weak demonic guardian rushes to your aid. [demonic ancestry]
  4478 | D:4      | Reached XP level 6. HP: 41/41 MP: 3/11
  4609 | D:4      | Reached skill level 5 in Ice Magic
  5164 | D:4      | Found a shattered altar of Ashenzari.
  5168 | D:4      | Became a worshipper of Ashenzari the Shackled
  5414 | D:4      | Noticed Natasha
  5463 | D:3      | Killed NeonDemon's ghost
  5463 | D:3      | Reached XP level 7. HP: 42/46 MP: 2/12
  5848 | D:4      | Found Fuwuotae's Antique Armour Shop.
  5896 | D:4      | Bought a glowing helmet for 210 gold pieces
  6069 | D:4      | Learned a level 4 spell: Summon Ice Beast
  6076 | D:4      | Found a shimmering altar of Xom.
  6098 | D:4      | Killed Natasha
  6197 | D:4      | Noticed Natasha
  6416 | D:4      | Noticed Menkaure
  6423 | D:4      | Killed Menkaure
  6423 | D:4      | Reached skill level 6 in Ice Magic
  6796 | D:4      | Killed Natasha
  6963 | D:5      | Entered Level 5 of the Dungeon
  6963 | D:5      | Noticed Blork the orc
  6966 | D:5      | Killed Blork the orc
  7048 | D:5      | Found a sand-covered staircase.
  7098 | Ossuary  | Entered an ossuary
  7210 | Ossuary  | Gained mutation: A demonic guardian rushes to your aid. [demonic ancestry]
  7210 | Ossuary  | Reached XP level 8. HP: 52/52 MP: 1/14
  8000 | D:5      | Found Jawoy's Weapon Shop.
  8182 | D:5      | Reached skill level 7 in Ice Magic
  8251 | D:5      | Found a blossoming altar of Fedhas.
  8255 | D:5      | Reached skill level 5 in Spellcasting
  8461 | D:5      | Found a snail-covered altar of Cheibriados.
  8911 | D:5      | Found a basalt altar of Yredelemnul.
  8966 | D:5      | Reached skill level 5 in Conjurations
  9349 | D:6      | Found a staircase to the Ecumenical Temple.
 10370 | D:6      | Reached skill level 8 in Ice Magic
 10741 | D:7      | Gained mutation: You have sharp fingernails. [demonic ancestry]
 10741 | D:7      | Reached XP level 9. HP: 57/57 MP: 10/17
 11243 | D:7      | Reached * piety under Ashenzari
 11402 | D:7      | Got the hand crossbow "Alacege" {elec, rF+}
 11402 | D:7      | Got the morningstar of Logatt {crush, Int+4}
 11500 | D:7      | Identified the +3 hand crossbow "Alacege" {elec, rF+} (You took it off a wight on level 7 of the Dungeon)
 11501 | D:7      | Identified the +9 morningstar of Logatt {crush, Int+4} (You took it off a wight on level 7 of the Dungeon)
 11825 | D:7      | Noticed a troll
 11872 | D:7      | Killed an unseen horror
 11872 | D:7      | Reached skill level 9 in Ice Magic
 11880 | D:7      | Killed a troll
 12157 | D:7      | Found an ancient bone altar of Kikubaaqudgha.
 12193 | D:7      | Reached XP level 10. HP: 32/63 MP: 20/20
 12418 | D:7      | Reached skill level 10 in Ice Magic
 12932 | D:8      | Found a flagged portal.
 13016 | Bailey   | Entered a bailey
 15103 | D:8      | Reached skill level 1 in Summonings
 15288 | D:8      | Learned a level 4 spell: Summon Lightning Spire
 15327 | D:9      | Reached ** piety under Ashenzari
 15328 | D:9      | Noticed a two-headed ogre
 15339 | D:9      | Killed a two-headed ogre
 15620 | D:9      | Found Hagirig's Antique Weapon Emporium.
 15848 | D:9      | Found a staircase to the Orcish Mines.
 16107 | D:9      | Noticed Lapis's ghost (novice OpAs)
 16113 | D:9      | Killed Lapis's ghost
 16262 | D:9      | Found a sacrificial altar of Ru.
 16364 | D:9      | Noticed a two-headed ogre
 16367 | D:9      | Killed a two-headed ogre
 16521 | D:9      | Found a stormy altar of Qazlal.
 16675 | D:9      | Reached skill level 11 in Ice Magic
 16907 | D:9      | Found a shattered altar of Ashenzari.
 16907 | D:9      | Noticed Maurice
 16911 | D:9      | Killed Maurice
 16911 | D:9      | Gained mutation: You have a pair of small horns on your head. [demonic ancestry]
 16911 | D:9      | Reached XP level 11. HP: 68/68 MP: 0/22
 17143 | D:9      | Found a runed door.
 17147 | D:9      | Found an ornate altar of the Wu Jian Council.
 17225 | D:9      | Found a sparkling altar of Nemelex Xobeh.
 17624 | D:9      | Found a deep blue altar of Sif Muna.
 17747 | D:9      | Found a hide-covered altar of Uskayaw.
 17780 | D:9      | Found a shattered altar of Ashenzari.
 18150 | D:9      | Noticed a flayed ghost
 18155 | D:9      | Killed a flayed ghost
 18362 | D:10     | Entered Level 10 of the Dungeon
 18928 | D:10     | Reached skill level 1 in Shields
 19284 | D:10     | Reached *** piety under Ashenzari
 19388 | D:10     | Found a staircase to the Lair.
 19388 | D:10     | Noticed an oklob plant
 19616 | D:10     | Reached skill level 5 in Summonings
 19714 | D:10     | Reached skill level 1 in Air Magic
 20469 | D:10     | Killed an oklob plant
 20469 | D:10     | Reached skill level 1 in Fighting
 20737 | D:11     | Found a frozen archway.
 20759 | IceCv    | Entered an ice cave
 21163 | IceCv    | Identified a scroll of acquirement
 21167 | IceCv    | Found the cursed +3 pair of gauntlets of War {Slay+5}
 21458 | IceCv    | Noticed a necromancer
 21463 | IceCv    | Killed a necromancer
 22183 | IceCv    | Found the -2 hat of the Alchemist {rElec rPois rF+ rC+ rN+ MR+ rMut rCorr}
 23503 | Lair:1   | Entered Level 1 of the Lair of Beasts
 23503 | Lair:1   | Noticed an oklob plant
 23547 | Lair:1   | Gained mutation: You have a pair of horns on your head. [demonic ancestry]
 23547 | Lair:1   | Reached XP level 12. HP: 79/80 MP: 24/24
 25007 | Lair:1   | Noticed a four-headed hydra
 25015 | Lair:1   | Killed a four-headed hydra
 25810 | D:4      | Bought a glowing troll leather armour for 504 gold pieces
 25980 | Lair:2   | Identified the cursed +0 chain mail of Kiyvyff {Str+2 Int+4}
 26090 | Lair:2   | Reached skill level 1 in Armour
 26446 | Lair:2   | Identified the +3 chain mail of Curiosity {MR+}
 26448 | Lair:2   | Found a hole to the Spider Nest.
 26601 | Lair:2   | Reached **** piety under Ashenzari
 26676 | Lair:2   | HP: 4/83 [swamp worm (10)]
 26676 | Lair:2   | Mangled by a swamp worm

Vault maps used:
D:1:      lightli_molten_gateway, grunt_decor_arrowhead
D:2:      tso_oasis_becter, chequers_temple_overflow_statue_of_worship,
          serial_curves, eino_curves_02, eino_curves_01, eino_curves_04
D:3:      grunt_decor_resistance, minivault_23
D:4:      kennysheep_big_flooded_room, ashenzari_altar_1, lemuel_doored_altar,
          serial_shops, nicolae_shop_statue_plus, first_ration, uniq_menkaure,
          uniq_natasha
D:5:      lemuel_coloured_pillars_altar, cheibriados_altar_1,
          old_standard_altar, nicolae_ossuary_entry_monument, serial_shops,
          kennysheep_little_box, uniq_blork_the_orc
D:6:      minmay_temple_entry_mist
D:7:      minmay_the_grid_octo_triangle, lemuel_mausoleum_altar_kikubaaqudgha,
          grunt_livestock, minmay_misc_feat_iff
D:8:      enter_bailey_3, grunt_ministairs_13, st_stairs_1
D:9:      due_megacathedral, kennysheep_mini, kennysheep_mini_moat,
          serial_shops, nicolae_shop_crystal, uniq_maurice
D:10:     dpeg_oklobed_lair, special_room
D:11:     portal_ice_cave_entry_pillars_1
Lair:1:   cheibrodos_lair_river_kwai, dpeg_stationary_puzzle, grunt_megastairs_1
Lair:2:   spider_nest_entry_web_field, special_room, worms_lemuel
Ossuary:  ossuary_tomb_2
Bailey:   bailey_axe_2, bailey
IceCv:    ice_cave_tombish

Skill      XL: |  1  2  3  4  5  6  7  8  9 10 11 12 |
---------------+-------------------------------------+-----
Ice Magic      | 3 4 5 6 8 9 11 | 11.8
Spellcasting   | 3 4 5 6 7 8 9 |  9.1
Conjurations   | 2 3 4 5 7 8 9 |  9.6
Summonings     | 4 6 7 |  7.6
Shields        | 2 |  2.4
Air Magic      | 2 3 |  3.6
Fighting       | 2 4 |  4.2
Dodging        | 2 3 |  3.5
Armour         | 1 |  1.5
Stealth        | |  1.7

Action                   |  1- 3 |  4- 6 |  7- 9 | 10-12 || total
-------------------------+-------+-------+-------+-------++-------
Melee: Short sword       |    18 |     2 |       |       ||    20
       Unarmed           |     1 |       |       |       ||     1
       Kick              |     2 |     6 |    58 |    24 ||    90
       Whip              |       |    15 |   178 |       ||   193
       Morningstar       |       |       |    38 |   118 ||   156
       Headbutt          |       |       |       |    10 ||    10
 Fire: Shortbow          |       |       |     5 |       ||     5
 Cast: Freeze            |    51 |    62 |    97 |   119 ||   329
       Throw Frost       |    20 |    49 |    50 |   126 ||   245
       Throw Icicle      |       |     2 |    62 |   194 ||   258
       Ozocubu's Armour  |       |       |    13 |    20 ||    33
       Summon Ice Beast  |       |       |     7 |    59 ||    66
       Summon Lightning  |       |       |       |    21 ||    21
Invok: Curse Item        |       |     1 |     4 |     4 ||     9
  Use: Scroll            |       |     2 |    16 |     8 ||    26
       Potion            |       |       |     1 |     1 ||     2
 Stab: Distracted        |       |       |     2 |       ||     2
       Sleeping          |       |       |     2 |     4 ||     6
  Eat: Chunk             |     6 |     8 |    22 |    32 ||    68
       Ration            |       |     1 |     3 |     6 ||    10
Armor: Robe              |    14 |    18 |   136 |   111 ||   279
       Troll leather arm |       |       |       |     2 ||     2
Dodge: Dodged            |    48 |    53 |   190 |   237 ||   528
Block: Buckler           |       |       |       |    30 ||    30

Table legend:
 A = Spawn XP
 B = Non-spawn XP
 C = Spawn XP percentage of total XP
 D = Spawn monster count
 E = Non-spawn monster count
 F = Spawn count percentage of total count
 G = Total turns spent on level
                    A         B        C        D         E        F      G
               +---------+---------+-------+---------+---------+-------+---------
         Total |       0 |   32503 |   0.0 |       0 |     492 |   0.0 | 26676
               +---------+---------+-------+---------+---------+-------+---------
           D:1 |       0 |      47 |   0.0 |       0 |      27 |   0.0 |  1960
           D:2 |       0 |     179 |   0.0 |       0 |      28 |   0.0 |  1422
           D:3 |       0 |     119 |   0.0 |       0 |      24 |   0.0 |  1844
           D:4 |       0 |     896 |   0.0 |       0 |      37 |   0.0 |  1841
           D:5 |       0 |     632 |   0.0 |       0 |      19 |   0.0 |  1598
           D:6 |       0 |     559 |   0.0 |       0 |      20 |   0.0 |  1257
           D:7 |       0 |    3999 |   0.0 |       0 |      54 |   0.0 |  2215
           D:8 |       0 |     838 |   0.0 |       0 |      25 |   0.0 |  1334
           D:9 |       0 |    5182 |   0.0 |       0 |      45 |   0.0 |  3061
          D:10 |       0 |    3332 |   0.0 |       0 |      46 |   0.0 |  2529
          D:11 |       0 |    1354 |   0.0 |       0 |       9 |   0.0 |  1240
        Lair:1 |       0 |    7698 |   0.0 |       0 |      45 |   0.0 |  2140
        Lair:2 |       0 |    2960 |   0.0 |       0 |      28 |   0.0 |   713
       Ossuary |       0 |     170 |   0.0 |       0 |      28 |   0.0 |   880
        Bailey |       0 |     337 |   0.0 |       0 |      34 |   0.0 |  1151
         IceCv |       0 |    4201 |   0.0 |       0 |      23 |   0.0 |  1491
               +---------+---------+-------+---------+---------+-------+---------
